AoeStats
← CrazyBen

Hill Fort

506164127Analyzed
4v4 RM · 21d ago on Sep 12, 2026· 26m 13s· 8 players
Game mode
Random Map
Map size
Large (8 player)
Population
200
Speed
Normal
Resources
Standard
Victory
Conquest
Starting age
Dark Age
Ending age
Imperial Age
RankedLock teamsTeams togetherTeam positionsShared explorationLock speedFull tech treeHidden civsTurbo modeCheats
Victory
Defeat
🇨🇭 Romans · Switzerland
1571
+12
🇫🇷 Khmer · France
1480
+16
🇺🇸 Saracens · United States
1380
+20
🇦🇷 Poles · Argentina
1343
+22
🇹🇼 Franks · Taiwan
1480
-18
🇨🇳 Burgundians · China
1480
-18
🇨🇳 Spanish · China
1471
-17
🇨🇳 Persians · China
1456
-17
Miru
9:09 Loom
12:00 Feudal Age
16:17 Double-Bit Axe
22:32 Castle Age
20:31 Fishing Lines
23:21 Wheelbarrow
23:36 Bow Saw
帝国老油条
9:39 Feudal Age
12:16 Loom
15:00 Castle Age
13:41 Double-Bit Axe
13:49 Horse Collar
17:03 Loom
19:06 Scale Barding Armor
23:51 Heavy Plow
25:38 Bow Saw
吹尽凡尘心
12:29 Feudal Age
13:23 Loom
16:12 Castle Age
16:00 Double-Bit Axe
22:23 Husbandry
郁离
2:57 Double-Bit Axe
10:30 Feudal Age
14:04 Loom
16:35 Wheelbarrow
17:35 Scale Barding Armor
21:47 Castle Age
20:24 Bow Saw
20:06 Gold Mining
20:19 Horse Collar
20:31 Stone Mining
22:49 Stone Shaft Mining
25:15 Two-Man Saw
25:46 Chain Barding Armor
Fringnut
5:08 Loom
10:11 Feudal Age
10:44 Double-Bit Axe
12:41 Horse Collar
14:12 Wheelbarrow
15:30 Fletching
16:58 Padded Archer Armor
21:38 Castle Age
20:01 Town Watch
22:32 Bodkin Arrow
22:54 Bow Saw
22:45 Heavy Plow
NotGG
5:31 Loom
8:42 Feudal Age
10:05 Stone Mining
14:53 Fletching
21:27 Town Watch
24:11 Castle Age
22:17 Double-Bit Axe
22:52 Horse Collar
24:20 Wheelbarrow
Maelgwyn
10:31 Feudal Age
11:44 Double-Bit Axe
14:07 Castle Age
12:29 Horse Collar
14:08 Loom
15:11 Bow Saw
16:38 Heavy Plow
21:16 Wheelbarrow
21:21 Town Watch
23:23 Hand Cart
26:36 Fletching
CrazyBen
8:15 Feudal Age
10:15 Horse Collar
11:28 Loom
12:06 Forging
21:09 Castle Age
19:48 Scale Mail Armor
22:18 Pikeman
Connection lost

Rejoining the realm…

Still unreachable

The connection could not be restored.

Session expired

The server has moved on; the page needs a fresh start.